 Dungeon Crawl Stone Soup version 0.18.1-50-g88ac8fd (webtiles) character file.

3836 magog001 the Slinger (level 9, -1/75 HPs)
             Began as a Centaur Hunter on Sept 3, 2017.
             Was a Believer of Nemelex Xobeh.
             Slain by a troll (10 damage)
             ... on level 8 of the Dungeon.
             The game lasted 01:09:00 (10634 turns).

magog001 the Slinger (Centaur Hunter)              Turns: 10634, Time: 01:09:00

Health: -1/75      AC: 11    Str: 15    XL:     9   Next: 98%
Magic:  10/10      EV: 13    Int: 10    God:    Nemelex Xobeh [**....]
Gold:   303        SH:  0    Dex: 13    Spells: 0 memorised, 8 levels left

rFire  . . .     SeeInvis .     F - +2 long sword (slice)
rCold  . . .     Gourm    .     D - +0 chain mail {MR+}
rNeg   . . .     Faith    .     (no shield)
rPois  .         Spirit   .     H - +1 helmet "Pimurah" {rElec}
rElec  +         Dismiss  .     y - +0 cloak
rCorr  .         Reflect  .     (no gloves)
SustAt .         Harm     .     (no barding)
MR     +....                    I - amulet of regeneration
Stlth  ..........               M - +4 ring of evasion
                                v - +3 ring of evasion

@: very quick, somewhat resistant to hostile enchantments, extremely unstealthy
A: hooves 3, deformed body, speed 2, tough skin 3
a: Renounce Religion


You were on level 8 of the Dungeon.
You worshipped Nemelex Xobeh.
Nemelex Xobeh was pleased with you.
You were not hungry.

You visited 1 branch of the dungeon, and saw 8 of its levels.

You collected 303 gold pieces.

Inventory:

Hand Weapons
 a - a +1 hunting sling
 z - a +0 blowgun
 F - a +2 long sword of slicing (weapon)
Missiles
 d - 60 sling bullets
 l - 135 stones
 q - 6 needles of paralysis (quivered)
 u - 68 poisoned needles
 B - 3 javelins
 C - 7 tomahawks
Armour
 c - a +1 leather armour
 y - a +0 cloak (worn)
 D - a +0 chain mail of magic resistance (worn)
 H - the +1 helmet "Pimurah" (worn) {rElec}
   (You found it on level 5 of the Dungeon)

   It insulates you from electricity.
 K - a +0 ring mail
Jewellery
 v - a +3 ring of evasion (left hand)
 I - an amulet of regeneration (around neck)
 M - a +4 ring of evasion (right hand)
Wands
 g - a wand of iceblast (6/15)
 x - a wand of teleportation (4/9)
 O - a wand of acid (5/15)
Scrolls
 e - a scroll of fog
 k - 3 scrolls of remove curse
 p - 2 scrolls of teleportation
 r - a scroll of magic mapping
 t - a scroll of identify
 E - 3 scrolls of noise
 J - a scroll of enchant armour
Potions
 i - 2 potions of degeneration
 j - a potion of brilliance {unknown}
 m - 2 potions of curing
 o - a potion of resistance {unknown}
 s - 3 potions of agility
 w - 4 potions of haste
 L - 2 potions of flight
 N - a potion of lignification {unknown}
Miscellaneous
 b - a plain deck of war {drawn: 5}
Comestibles
 f - 9 bread rations
 h - 3 meat rations
 n - a slice of pizza
 A - a chunk of flesh
 G - a beef jerky


   Skills:
 * Level 6.2 Fighting
   Level 0.1(1.4) Short Blades
 * Level 2.5 Long Blades
 + Level 11.2 Slings
 * Level 4.0 Armour
 * Level 4.3 Dodging
 + Level 1.3 Stealth
 + Level 1.6 Evocations


You had 8 spell levels left.
You didn't know any spells.

Dungeon Overview and Level Annotations

Branches:
Dungeon (8/15)             Temple (0/1) D:5
   Lair: D:8-11

Altars:
Ashenzari
Cheibriados
Dithmenos
Fedhas
Nemelex Xobeh
Qazlal
Ru
Vehumet
Xom
Yredelemnul
The Shining One


Innate Abilities, Weirdness & Mutations

You have hooves in place of feet.
Armour fits poorly on your strangely shaped body.
You cover ground very quickly.
You have extremely tough skin (AC +3).


Message History

You are engulfed in a cloud of scalding steam.
The troll is engulfed in a cloud of scalding steam.
The troll barely misses you. The troll claws you but does no damage.
The troll claws you.
Your water elemental is engulfed in a cloud of scalding steam.
Your water elemental hits the steam dragon.
Your water elemental engulfs the steam dragon in water!
The troll is engulfed in a cloud of scalding steam.
The troll barely misses you. The troll claws you! The troll barely misses you.
You barely miss the troll. You kick the troll, but do no damage.
The troll is moderately wounded.
You are engulfed in a cloud of scalding steam.
* * * LOW HITPOINT WARNING * * *
Your water elemental closely misses the steam dragon.
The troll is engulfed in a cloud of scalding steam.
The troll bites you!
* * * LOW HITPOINT WARNING * * *
The troll claws you!
You die...
Your body glows slightly and disappears.

.# #........... #.#
............ . #.# .....
..#.# .. #.#
....##...####D.. #.#
...#..(.......# #.#
###........§>..
##.#########E(.....|.§§...
#........>@TD..(....§.T...
#........####.............
#........# #.............
#<.......# #.............
#........# ##............
#........# ##..........#
#........# ############
#........# #........#


You could see a troll, a steam dragon and a friendly water elemental.

Vanquished Creatures
  Joseph (D:7)
  Sigmund (D:4)
  A porcupine (D:5)
  An orc warrior (D:6)
  A slave (D:5)
  A sky beast (D:7)
  3 ice beasts
  A phantom (D:4)
  4 ogres
  A centaur (D:7)
  A big kobold (D:7)
  2 giant frogs (D:6)
  2 scorpions
  9 killer bees
  4 crimson imps
  A giant frog zombie (D:6)
  6 orc priests
  A centaur skeleton (D:4)
  2 jellies
  A giant frog skeleton (D:6)
  An iguana (D:5)
  8 orc wizards
  Natasha (thrice) (D:2)
  2 worker ants (D:5)
  A hound skeleton (D:7)
  A worker ant zombie (D:7)
  4 gnolls (D:6)
  9 adders
  A shadow imp (D:5)
  2 oozes
  A worm (D:2)
  A dart slug (D:2)
  4 giant geckos
  18 orcs
  2 ball pythons
  6 giant cockroaches
  7 goblins
  12 hobgoblins
  7 jackals
  7 quokkas
  7 bats
  14 giant newts
  A jackal skeleton (D:6)
  13 kobolds
  7 rats
183 creatures vanquished.

Vanquished Creatures (collateral kills)
  Pikel (D:5)
  A steam dragon (D:7)
  2 slaves (D:5)
  A giant frog skeleton (D:6)
  An adder (D:5)
6 creatures vanquished.

Vanquished Creatures (others)
  2 fungi (D:7)
2 creatures vanquished.

Grand Total: 191 creatures vanquished

Notes
Turn   | Place    | Note
--------------------------------------------------------------
     0 | D:1      | magog001 the Centaur Hunter began the quest for the Orb.
     0 | D:1      | Reached XP level 1. HP: 17/17 MP: 1/1
   182 | D:1      | Reached XP level 2. HP: 24/24 MP: 2/2
  1084 | D:2      | Reached XP level 3. HP: 29/30 MP: 3/3
  1272 | D:2      | Reached skill level 5 in Slings
  1876 | D:2      | Found a glowing golden altar of the Shining One.
  1878 | D:2      | Noticed an angel
  1885 | D:2      | Found a basalt altar of Yredelemnul.
  1887 | D:2      | Noticed a profane servitor
  2040 | D:2      | Reached XP level 4. HP: 21/37 MP: 4/4
  2378 | D:2      | Noticed Natasha
  2385 | D:2      | Killed Natasha
  2474 | D:2      | Noticed Natasha
  2483 | D:2      | Killed Natasha
  2651 | D:2      | Noticed Natasha
  2685 | D:2      | HP: 1/38 [Natasha/magic dart (6)]
  2999 | D:2      | Killed Natasha
  2999 | D:2      | Reached XP level 5. HP: 36/45 MP: 5/5
  3112 | D:2      | Reached skill level 1 in Armour
  3415 | D:3      | Found a sacrificial altar of Ru.
  3491 | D:3      | Reached skill level 6 in Slings
  3783 | D:3      | Found a sparkling altar of Nemelex Xobeh.
  3792 | D:3      | Became a worshipper of Nemelex Xobeh the Trickster
  4287 | D:4      | Received a gift from Nemelex Xobeh
  4320 | D:4      | Reached XP level 6. HP: 48/51 MP: 6/6
  4735 | D:4      | Reached skill level 7 in Slings
  4735 | D:4      | Reached XP level 7. HP: 56/58 MP: 7/7
  4779 | D:4      | Found a radiant altar of Vehumet.
  5208 | D:4      | Noticed Sigmund
  5225 | D:4      | Killed Sigmund
  5225 | D:4      | Reached skill level 1 in Stealth
  5509 | D:4      | Reached skill level 8 in Slings
  5845 | D:4      | Found a snail-covered altar of Cheibriados.
  5845 | D:4      | Found a shattered altar of Ashenzari.
  6038 | D:5      | Entered Level 5 of the Dungeon
  6049 | D:5      | Reached * piety under Nemelex Xobeh
  6205 | D:5      | Got a distressingly furry helmet
  6211 | D:5      | Identified the +1 helmet "Pimurah" {rElec} (You found it on level 5 of the Dungeon)
  6346 | D:5      | You fall through a shaft for 3 floors!
  6405 | D:6      | Reached XP level 8. HP: 67/67 MP: 8/8
  6586 | D:6      | Reached skill level 9 in Slings
  6972 | D:5      | Reached skill level 5 in Fighting
  7125 | D:5      | Noticed Pikel
  7180 | D:5      | Killed Pikel
  7180 | D:5      | Reached skill level 10 in Slings
  7180 | D:5      | Reached skill level 1 in Evocations
  7180 | D:5      | Reached XP level 9. HP: 74/74 MP: 9/9
  7302 | D:5      | Found a staircase to the Ecumenical Temple.
  7468 | D:5      | Found a stormy altar of Qazlal.
  7484 | D:5      | Found a shadowy altar of Dithmenos.
  7488 | D:5      | Found a shimmering altar of Xom.
  7789 | D:6      | Found a shimmering altar of Xom.
  8214 | D:6      | Reached ** piety under Nemelex Xobeh
  8658 | D:7      | Reached skill level 1 in Long Blades
  9274 | D:7      | Noticed Joseph
  9307 | D:7      | Killed Joseph
  9665 | D:7      | Found a blossoming altar of Fedhas.
  9683 | D:7      | Reached skill level 11 in Slings
  9741 | D:7      | Received a gift from Nemelex Xobeh
  9936 | D:7      | Gained mutation: You are partially covered in icy blue scales (AC +1). [mutagenic meat]
  9937 | D:7      | Gained mutation: You can translocate small distances at will. [mutagenic meat]
  9938 | D:7      | Gained mutation: Your body sometimes deteriorates upon taking damage. [mutagenic meat]
  9939 | D:7      | Gained mutation: Your spells are a little easier to cast, but a little less powerful. [mutagenic meat]
  9940 | D:7      | Lost mutation: You can translocate small distances at will. [potion of cure mutation]
  9940 | D:7      | Lost mutation: Your spells are a little easier to cast, but a little less powerful. [potion of cure mutation]
  9940 | D:7      | Lost mutation: You are partially covered in icy blue scales (AC +1). [potion of cure mutation]
  9940 | D:7      | Lost mutation: Your body sometimes deteriorates upon taking damage. [potion of cure mutation]
 10612 | D:8      | Noticed a troll
 10634 | D:8      | Slain by a troll

Skill      XL: |  1  2  3  4  5  6  7  8  9 |
---------------+----------------------------+-----
Slings         | 5 6 7 8 10 11 | 11.2
Dodging        | 2 3 4 |  4.3
Fighting       | 3 4 5 6 |  6.2
Armour         | 1 2 3 4 |  4.0
Stealth        | 1 |  1.3
Evocations     | 1 |  1.6
Long Blades    | 2 |  2.5
Short Blades   | |  0.1

Action                   |  1- 3 |  4- 6 |  7- 9 || total
-------------------------+-------+-------+-------++-------
Melee: Short sword       |     7 |       |     3 ||    10
       Kick              |     3 |     1 |    17 ||    21
       Hunting sling     |       |     4 |     1 ||     5
       Long sword        |       |       |    72 ||    72
 Fire: Hunting sling     |   154 |   207 |   460 ||   821
Evoke: Deck              |       |       |    14 ||    14
       Wand              |       |       |    12 ||    12
  Use: Potion            |       |     2 |     3 ||     5
       Scroll            |       |       |    22 ||    22
  Eat: Chunk             |     2 |     6 |    14 ||    22
       Fruit             |       |     2 |       ||     2
       Beef jerky        |       |       |     2 ||     2
       Pizza             |       |       |     1 ||     1
Armor: Leather armour    |    28 |    22 |    17 ||    67
       Chain mail        |       |       |    75 ||    75
Dodge: Dodged            |    35 |   103 |   157 ||   295
